 Dungeon Crawl Stone Soup version 0.24.0-13-gcf9b319 (webtiles) character file.

Game seed: 5468452344221691828, levelgen mode: deterministic

12805 Bronimir the Fighter (level 11, -4/113 HPs)
             Began as an Ogre Fire Elementalist on Apr 18, 2020.
             Was an Elder of Vehumet.
             Slain by a seven-headed hydra (14 damage)
             ... on level 2 of the Lair of Beasts.
             The game lasted 00:39:07 (16675 turns).

Bronimir the Fighter (Ogre Fire Elementalist)      Turns: 16675, Time: 00:39:08

Health: -4/113     AC:  7    Str: 16      XL:     11   Next: 99%
Magic:  15/22      EV: 15    Int: 21      God:    Vehumet [****..]
Gold:   397        SH:  0    Dex: 12 (13) Spells: 3/25 levels left

rFire    . . .     SeeInvis .   a - +2 halberd
rCold    . . .     Gourm    .   (shield currently unavailable)
rNeg     . . .     Faith    .   R - +1 robe of Intuition {+Blink Int+4 Stlth-}
rPois    .         Spirit   .   (helmet restricted)
rElec    .         Reflect  .   v - +2 cloak
rCorr    .         Harm     .   (gloves unavailable)
MR       +....                  (boots unavailable)
Stlth    +.........             (no amulet)
HPRegen  0.68/turn              o - +3 ring of evasion
MPRegen  0.18/turn              U - +4 ring of dexterity

@: hasted, very quick
A: large, unfitting armour, regeneration 1, screaming 1, tough skin 1
a: Renounce Religion, Evoke Blink


You were on level 2 of the Lair of Beasts.
You worshipped Vehumet.
Vehumet was greatly pleased with you.
You were hungry.

You visited 3 branches of the dungeon, and saw 14 of its levels.

You collected 585 gold pieces.
You spent 188 gold pieces at shops.

Inventory:

Hand Weapons
 a - a +2 halberd (weapon)
 b - a +0 battleaxe
 I - a +0 broad axe
 O - a +0 quarterstaff
 W - a +0 glaive
Missiles
 g - 516 stones
 l - 214 arrows
 q - 100 sling bullets
 w - 81 bolts
 z - 3 silver javelins
 C - 13 boomerangs
 D - 26 poisoned darts
 M - a large rock (quivered)
 S - 11 javelins
Armour
 j - a +0 shield
 k - a +0 robe
 m - +0 steam dragon scales
 v - a +2 cloak (worn)
 J - a +0 cloak
 R - the +1 robe of Intuition (worn) {+Blink Int+4 Stlth-}
   (You bought it in a shop on level 8 of the Dungeon)

   It affects your intelligence (+4).
   It lets you blink.
   It makes you less stealthy.
Magical Staves
 K - an uncursed staff of summoning
Jewellery
 n - an uncursed ring of protection from cold
 o - a +3 ring of evasion (left hand)
 E - an uncursed ring of see invisible
 L - an uncursed ring of protection from magic
 Q - an uncursed ring of positive energy
 U - a +4 ring of dexterity (right hand)
Wands
 p - a wand of digging (3)
 y - a wand of random effects (28)
 B - a wand of iceblast (12)
 N - a wand of flame (45)
Scrolls
 e - 8 scrolls of remove curse
 h - 2 scrolls of magic mapping
 i - a scroll of amnesia
 r - a scroll of blinking
 A - 2 scrolls of noise
 F - a scroll of acquirement {unknown}
 H - 7 scrolls of teleportation
 P - 3 scrolls of identify
 T - a scroll of enchant weapon
Potions
 d - 4 potions of lignification
 f - a potion of ambrosia
 s - 3 potions of curing
 t - 3 potions of agility
 u - a potion of brilliance
 x - 3 potions of haste
Comestibles
 c - 28 rations
 G - 10 chunks of flesh


   Skills:
 * Level 8.3 Fighting
   Level 0.1 Maces & Flails
 + Level 7.4 Polearms
 * Level 2.9 Throwing
 * Level 5.6 Dodging
 - Level 1.4 Stealth
 * Level 5.8 Shields
 * Level 7.6 Spellcasting
 + Level 6.5 Conjurations
 * Level 7.8 Fire Magic
 * Level 2.9 Evocations


You had 3 spell levels left.
You knew the following spells:

 Your Spells              Type           Power        Failure   Level  Hunger
a - Flame Tongue          Conj/Fire      #####        1%          1    None
b - Throw Flame           Conj/Fire      #####.       1%          2    None
c - Conjure Flame         Conj/Fire      #####...     1%          3    None
d - Sticky Flame          Conj/Fire      #####...     1%          4    ###....
e - Fireball              Conj/Fire      #####.....   3%          5    #####..
f - Magic Dart            Conj           ####         1%          1    None
g - Dazzling Spray        Conj/Hex       ###...       1%          3    None
h - Ignite Poison         Fire/Tmut/Pois ###.....     2%          3    None

Your spell library contained the following spells:

 Spells                   Type           Power        Failure   Level  Hunger
 Throw Icicle             Conj/Ice       ###.....     6%          4    ###....
 Inner Flame              Hex/Fire       ###.....     1%          3    None
 Irradiate                Conj/Tmut      ###.......   16%         5    #####..
 Hydra Form               Tmut           #.........   100%        6    ######.
 Statue Form              Tmut/Erth      #........    100%        6    ######.
 Dragon Form              Tmut           #.........   100%        7    #######


Dungeon Overview and Level Annotations

Branches:
Dungeon (11/15)            Temple (1/1) D:6            Lair (2/6) D:10
    Orc (0/2) D:10
  Swamp: Lair:2-4    Shoals: Lair:2-4     Snake: Lair:2-4    Spider: Lair:2-4

Altars:
Ashenzari
Cheibriados
Dithmenos
Elyvilon
Fedhas
Gozag
Hepliaklqana
Kikubaaqudgha
Makhleb
Nemelex Xobeh
Okawaru
Qazlal
Ru
Sif Muna
Trog
Uskayaw
Vehumet
Wu Jian
Xom
Yredelemnul
Zin
The Shining One

Shops:
D:8 [%


Innate Abilities, Weirdness & Mutations

You are too large for most types of armour.
You have tough skin. (AC +1)
Your natural rate of healing is unusually fast.
You occasionally shout uncontrollably at your foes.


Message History

The seven-headed hydra is heavily wounded.
The seven-headed hydra is covered in liquid flames!
You are feeling hungry.
The seven-headed hydra burns!
The seven-headed hydra misses you. The seven-headed hydra bites you!
The seven-headed hydra bites you. The seven-headed hydra bites you! x4
* * * LOW HITPOINT WARNING * * *
The bullfrog hits you but does no damage.
The seven-headed hydra burns!
The bullfrog hits you!
* * * LOW HITPOINT WARNING * * *
You feel yourself speed up.
The seven-headed hydra burns!
The seven-headed hydra bites you.
* * * LOW HITPOINT WARNING * * *
The seven-headed hydra barely misses you.
The seven-headed hydra misses you. The seven-headed hydra bites you!
* * * LOW HITPOINT WARNING * * *
The seven-headed hydra bites you!
* * * LOW HITPOINT WARNING * * *
The seven-headed hydra bites you!
You die...

#.##P.######.###P#.!.....#
####### #..P#####......##
#..## ###.....# ######
#..##### ##....##
###P##.####..#.#.#
##....##
.................##
##.<..##
..................#
##.†..###
..P...............##
##.....#
####....#..#.#..@D.##
##[...## #
#..P#########.F..# ##....#
#...# ###..## # ##..#.
####..### #.#....#.# #....
#.#.....##### #.......#
##...
............###...##.?..#
#...
.............#....###....#
#... ..P..........#..##
P...# ##..
..#.P..##.#.....## #....#
#..


You could see a seven-headed hydra (burning) and a bullfrog.

Vanquished Creatures
  A two-headed ogre (D:9)
  A cyclops (D:10)
  Joseph (D:8)
  Maurice (D:8)
  2 spiny frogs
  2 komodo dragons
  4 hippogriffs
  Grinder (D:4)
  18 yaks
  A wyvern (Lair:2)
  A steam dragon (D:8)
  A warg (D:10)
  4 water moccasins
  2 porcupines (Lair:1)
  4 orc warriors (D:10)
  An ice beast (D:9)
  2 necrophages
  2 phantoms (D:9)
  2 black bears (D:9)
  A sky beast (D:9)
  4 ogres
  8 wolves (Lair:1)
  5 centaurs
  9 crocodiles
  An elf zombie (D:6)
  8 bullfrogs
  A wyvern skeleton (D:10)
  2 scorpions
  3 wights (D:8)
  2 howler monkeys
  A jelly (D:10)
  3 crimson imps
  4 bullfrog skeletons
  6 hounds
  10 orc wizards
  2 centaur skeletons
  4 orc priests
  2 iguanas
  4 human skeletons (D:6)
  10 worker ants
  A hound zombie (D:3)
  A hound skeleton (D:6)
  A worker ant zombie (D:10)
  12 adders
  A howler monkey skeleton (D:9)
  5 shadow imps
  2 adder skeletons
  2 adder zombies (D:5)
  4 worms
  4 dart slugs
  5 leopard geckos
  31 orcs
  5 giant cockroaches
  6 goblins
  8 hobgoblins
  8 jackals
  2 quokkas
  2 ball pythons
  8 bats
  4 frilled lizards
  8 kobolds
  An orc zombie (D:6)
  A quokka skeleton (D:6)
  A quokka zombie (D:5)
  4 rats
268 creatures vanquished.

Vanquished Creatures (others)
  6 fungi (D:10)
  A plant (D:10)
7 creatures vanquished.

Grand Total: 275 creatures vanquished

Notes
Turn   | Place    | Note
-------+----------+-------------------------------------------
     0 | D:1      | Bronimir the Ogre Fire Elementalist began the quest for the
                  | Orb.
     0 | D:1      | Reached XP level 1. HP: 16/16 MP: 3/3
   383 | D:1      | Reached XP level 2. HP: 26/26 MP: 1/5
   998 | D:1      | Reached skill level 1 in Fighting
  1121 | D:1      | Reached skill level 1 in Conjurations
  1121 | D:1      | Reached XP level 3. HP: 25/33 MP: 1/6
  1967 | D:2      | Learned a level 2 spell: Throw Flame
  1971 | D:2      | Learned a level 3 spell: Conjure Flame
  2539 | D:2      | Reached XP level 4. HP: 42/42 MP: 6/8
  2542 | D:2      | Reached skill level 2 in Fighting
  3546 | D:3      | Found a sacrificial altar of Ru.
  3606 | D:3      | Reached XP level 5. HP: 43/49 MP: 9/9
  3630 | D:3      | Learned a level 4 spell: Sticky Flame
  3702 | D:3      | Reached skill level 1 in Polearms
  3721 | D:3      | Reached skill level 1 in Shields
  4475 | D:3      | Found a blossoming altar of Fedhas.
  4954 | D:4      | Reached XP level 6. HP: 56/59 MP: 9/11
  4989 | D:4      | Reached skill level 3 in Fighting
  5307 | D:4      | Reached XP level 7. HP: 29/67 MP: 0/13
  5779 | D:4      | Noticed Grinder
  5926 | D:4      | Paralysed by Grinder for 2 turns
  5948 | D:5      | Entered Level 5 of the Dungeon
  6083 | D:4      | Paralysed by Grinder for 7 turns
  6095 | D:4      | Killed Grinder
  7036 | D:5      | Reached skill level 4 in Fighting
  7071 | D:5      | Reached XP level 8. HP: 40/78 MP: 6/15
  8347 | D:6      | Reached skill level 5 in Spellcasting
  8693 | D:6      | Found a staircase to the Ecumenical Temple.
  8758 | Temple   | Entered the Ecumenical Temple
  9097 | Temple   | Became a worshipper of Vehumet
  9371 | D:6      | Reached skill level 1 in Throwing
  9807 | D:6      | Found a burning altar of Makhleb.
  9820 | D:6      | Reached skill level 5 in Fighting
  9820 | D:6      | Reached skill level 5 in Fire Magic
 10181 | D:7      | Reached XP level 9. HP: 64/86 MP: 10/17
 10865 | D:8      | Noticed Maurice
 10907 | D:8      | Killed Maurice
 10980 | D:8      | Noticed Joseph
 10997 | D:8      | Gained mutation: You occasionally shout uncontrollably at
                  | your foes. [potion of mutation]
 10997 | D:8      | Gained mutation: Your natural rate of healing is unusually
                  | fast. [potion of mutation]
 11005 | D:8      | Killed Joseph
 11298 | D:8      | Found Far Cije's Food Shop.
 11336 | D:8      | Found Ytsieboz's Antique Armour Shop.
 11344 | D:8      | Bought a twisted robe for 188 gold pieces
 11351 | D:8      | Identified the +1 robe of Intuition {+Blink Int+4 Stlth-}
                  | (You bought it in a shop on level 8 of the Dungeon)
 11590 | D:8      | Reached skill level 6 in Fighting
 11590 | D:8      | Reached skill level 5 in Conjurations
 11724 | D:8      | Reached * piety under Vehumet
 11724 | D:8      | Offered knowledge of Magic Dart by Vehumet.
 11750 | D:8      | Reached XP level 10. HP: 63/98 MP: 0/19
 11761 | D:8      | Learned a level 5 spell: Fireball
 11763 | D:8      | Learned a level 1 spell: Magic Dart
 11878 | D:8      | Reached skill level 5 in Polearms
 12162 | D:9      | Noticed a two-headed ogre
 12174 | D:9      | Killed a two-headed ogre
 12480 | D:9      | Found a shadowy altar of Dithmenos.
 12496 | D:9      | Reached skill level 7 in Fighting
 12849 | D:9      | Found a bloodstained altar of Trog.
 12867 | D:9      | Reached skill level 1 in Evocations
 13358 | D:10     | Entered Level 10 of the Dungeon
 13442 | D:10     | Reached ** piety under Vehumet
 13442 | D:10     | Offered knowledge of Freeze by Vehumet.
 13937 | D:10     | Found a staircase to the Orcish Mines.
 13973 | D:10     | Reached XP level 11. HP: 109/109 MP: 15/21
 14039 | D:10     | Offered knowledge of Dazzling Spray by Vehumet.
 14066 | D:10     | Learned a level 3 spell: Dazzling Spray
 14068 | D:10     | You fall into a shaft and drop 1 floor!
 14076 | D:11     | Noticed a two-headed ogre
 14076 | D:11     | Noticed a centaur warrior
 14110 | D:10     | Reached skill level 5 in Shields
 14216 | D:10     | Reached skill level 5 in Dodging
 14217 | D:10     | Reached *** piety under Vehumet
 14266 | D:10     | Found a staircase to the Lair.
 14479 | D:10     | Noticed a cyclops
 14493 | D:10     | Killed a cyclops
 14677 | Lair:1   | Entered Level 1 of the Lair of Beasts
 15167 | Lair:1   | Offered knowledge of Ignite Poison by Vehumet.
 15184 | Lair:1   | Learned a level 3 spell: Ignite Poison
 15965 | Lair:2   | Reached skill level 8 in Fighting
 16396 | Lair:2   | Reached **** piety under Vehumet
 16639 | Lair:2   | Offered knowledge of Throw Icicle by Vehumet.
 16668 | Lair:2   | Noticed a seven-headed hydra
 16675 | Lair:2   | Slain by a seven-headed hydra

Levels and vault maps discovered:
D:1:      ncdulo_halloftheorcs, layout_loops_corners
D:2:      layout_loops_cross, first_ration
D:3:      layout_loops_ring, fedhas_altar_3, nicolae_overflow_crystal_walls,
          minivault_19
D:4:      layout_basic, uniq_grinder
D:5:      layout_basic, dk_rats_in_the_wall
D:6:      layout_loops_ring, minmay_temple_entry_antechambers,
          nicolae_ossuary_entry_catacombs, makhleb_blood_cavern_becter
D:7:      layout_basic
D:8:      layout_cave_pools, serial_shops, nicolae_shop_trees, shop,
          uniq_joseph, uniq_maurice
D:9:      layout_basic, trog_ov_bears_minmay, overflow_temple_1_default
D:10:     wander_river, layout_loops_ring, grunt_lair_entry_orc_guard_hut,
          david_orc_3
D:11:     layout_loops_corners, serial_shops, shop, uniq_snorg, uniq_erolcha
Temple:   hc_temple_tempest_star
Lair:1:   beast_lair_carwin_large_3, layout_hall_layers,
          infiniplex_staircase_pool, grunt_megastairs_3
Lair:2:   layout_concentric_octagons, serial_bayou_pond_c

Skill      XL: |  1  2  3  4  5  6  7  8  9 10 11 |
---------------+----------------------------------+-----
Dodging        | 2 3 4 5 |  5.6
Fire Magic     | 3 4 5 6 7 |  7.8
Fighting       | 1 2 3 4 5 6 7 8 |  8.3
Conjurations   | 1 2 3 4 5 6 |  6.5
Spellcasting   | 3 4 5 6 7 |  7.6
Polearms       | 1 2 3 4 6 7 |  7.4
Shields        | 1 2 3 4 5 |  5.8
Throwing       | 1 2 |  2.9
Evocations     | 1 2 |  2.9
Maces & Flails | |  0.1
Stealth        | |  1.4

Action                   |  1- 3 |  4- 6 |  7- 9 | 10-12 || total
-------------------------+-------+-------+-------+-------++-------
Melee: Club              |    26 |       |       |       ||    26
       Unarmed           |     3 |       |       |       ||     3
       Halberd           |     2 |    88 |   147 |   211 ||   448
Throw: Javelin           |       |    20 |    10 |       ||    30
       Stone             |       |     3 |     1 |     8 ||    12
       Large rock        |       |       |       |    17 ||    17
 Cast: Flame Tongue      |    57 |    89 |   167 |    17 ||   330
       Throw Flame       |       |     2 |       |    18 ||    20
       Sticky Flame      |       |       |    26 |    88 ||   114
       Fireball          |       |       |       |    13 ||    13
       Dazzling Spray    |       |       |       |     3 ||     3
 Abil: Evoke Blink       |       |       |       |     1 ||     1
  Use: Scroll            |       |       |    13 |     2 ||    15
       Potion            |       |       |     4 |    11 ||    15
 Stab: Sleeping          |     1 |     1 |     1 |       ||     3
  Eat: Chunk             |     5 |     8 |    22 |    29 ||    64
       Ration            |       |       |     1 |       ||     1
Armor: Robe              |    20 |    49 |    74 |    82 ||   225
       Skin              |       |       |     7 |     9 ||    16
Dodge: Dodged            |    46 |    96 |   156 |   228 ||   526
